 Dungeon Crawl Stone Soup version 0.30.1-11-g7821555f0a (webtiles) character file.

Game seed: 9155284142966226321

391 monsoonserge the Conjurer (level 6, -5/46 (54) HPs)
             Began as a Tengu Reaver on Jan 9, 2024.
             Slain by Grinder (6 damage)
             ... on level 3 of the Dungeon.
             The game lasted 00:07:35 (2594 turns).

monsoonserge the Conjurer (Tengu Reaver)            Turns: 2594, Time: 00:07:36

HP:   -5/46 (54)    AC: 23    Str: 12    XL:     6   Next: 80%
MP:   19/19         EV:  2    Int: 22    God:
Gold: 196           SH:  0    Dex: 12    Spells: 8/9 levels left

rFire   . . .        k - +1 spear of Painful Death {freeze, rPois}
rCold   . . .        (no shield)
rNeg    . . .        g - melded +0 ring mail
rPois   +            (helmet currently unavailable)
rElec   .            (cloak currently unavailable)
rCorr   .            (gloves currently unavailable)
SInv    .            (boots unavailable)
Will    .....        (no amulet)
Stlth   +            h - ring of magical power
HPRegen 0.27/turn    n - +6 ring of intelligence
MPRegen 0.16/turn

%: no passive effects
@: tree-form (expiring), heavily drained
A: stationary, stasis, torment immunity, boosted hp, (beak), (talons 3), nimble
flight
a: no special abilities


You were on level 3 of the Dungeon.
You were a tree.
You visited 1 branch of the dungeon, and saw 4 of its levels.

You collected 196 gold pieces.

Inventory:

Hand Weapons
 a - a +0 mace
 k - the +1 spear of Painful Death (weapon) {freeze, rPois}
   (You found it on level 2 of the Dungeon)

   rPois:     It protects you from poison.
Missiles
 u - 2 poisoned darts (quivered)
Armour
 g - a +0 ring mail (melded)
Magical Staves
 s - a staff of earth
Jewellery
 h - a ring of magical power (left branch)
 n - a +6 ring of intelligence (right branch)
Scrolls
 d - a scroll of noise {unknown}
 e - 7 scrolls of teleportation
 f - a scroll of magic mapping {unknown}
 i - a scroll of immolation
 l - a scroll of brand weapon {unknown}
 m - a scroll of butterflies {unknown}
 o - a scroll of amnesia {unknown}
 p - a scroll of vulnerability {unknown}
 q - 2 scrolls of blinking
 v - 2 scrolls of identify {unknown}
Potions
 b - 2 potions of flight {unknown}
 c - 2 potions of curing
 j - a potion of lignification
 r - 2 potions of attraction {unknown}
 t - a potion of heal wounds


   Skills:
 + Level 2.4 Fighting
 - Level 3.8 Maces & Flails
 * Level 3.9 Polearms
 * Level 4.0 Armour
 + Level 3.2 Dodging
 + Level 0.3 Stealth
 + Level 2.1 Spellcasting
 + Level 4.6 Conjurations


You had 8 spell levels left.
You knew the following spells:

 Your Spells              Type           Power      Damage    Failure   Level
a - Kiss of Death         Conj/Necr      48%        2d9       5%          1

Your spell library contained the following spells:

 Spells                   Type           Power      Damage    Failure   Level
 Momentum Strike          Conj/Tloc      24%        3d8       8%          2
 Hailstorm                Conj/Ice       12%        3d5       16%         3
 Lesser Beckoning         Tloc           4%         N/A       21%         2
 Gell's Gravitas          Tloc           2%         N/A       38%         3
 Teleport Other           Tloc           2%         N/A       38%         3


Dungeon Overview and Level Annotations

Branches:
Dungeon (4/15)
 Temple: D:4-7

Altars:

Annotations:
D:3 Grinder
D:4 Dowan, Duvessa


Innate Abilities, Weirdness & Mutations

You are a tree.
Your roots penetrate the ground, keeping you stationary.
You cannot be teleported.
You are immune to unholy pain and torment.
Your maximum health is greatly increased.
Your equipment is partially melded.
((You have a beak for a mouth.))
((You have claws for feet.))
Your magical nature lets you fly swiftly and evasively.


Message History

* * * LOW HITPOINT WARNING * * *
You writhe in agony.
* * * LOW HITPOINT WARNING * * *
Reach: k) +1 spear of Painful Death {freeze, rPois}
Press: ? - help, Dir - move target, f/p - Grinder
Aim: Grinder (almost dead, about 40% to evade the +1 spear of Painful Death)
You barely miss Grinder.
Grinder is almost dead.
Grinder hits you but does no damage.
Unknown command.
Reach: k) +1 spear of Painful Death {freeze, rPois}
Press: ? - help, Dir - move target, f/p - Grinder
Aim: Grinder (almost dead, about 40% to evade the +1 spear of Painful Death)
You closely miss Grinder.
Grinder is almost dead.
Unknown command.
Reach: k) +1 spear of Painful Death {freeze, rPois}
Press: ? - help, Dir - move target, f/p - Grinder
Aim: Grinder (almost dead, about 40% to evade the +1 spear of Painful Death)
You barely miss Grinder.
Grinder is almost dead.
Your transformation is almost over.
Grinder hits you.
* * * LOW HITPOINT WARNING * * *
Reach: k) +1 spear of Painful Death {freeze, rPois}
Press: ? - help, Dir - move target, f/p - Grinder
Aim: Grinder (almost dead, about 40% to evade the +1 spear of Painful Death)
You closely miss Grinder.
Grinder is almost dead.
Grinder hits you but does no damage.
Unknown command.
Reach: k) +1 spear of Painful Death {freeze, rPois}
Press: ? - help, Dir - move target, f/p - Grinder
Aim: Grinder (almost dead, about 40% to evade the +1 spear of Painful Death)
You barely miss Grinder.
Grinder is almost dead.
Grinder hits you.
* * * LOW HITPOINT WARNING * * *
You writhe in agony.
You die...

##############
##.....##.....##
##..............##
#................#
#................#
#................#
#......♣5........#
#.......>[.......#
#####<...............#
#.[..#..............##
#....##.....##.....##
# #....####..#########
..##....####[##
#.......##.))#
###....##)###


You could see Grinder.

Vanquished Creatures
  An ice beast (D:4)
  3 iguanas (D:4)
  3 orc wizards
  4 adders
  3 worms
  6 dart slugs
  8 orcs
  6 endoplasms
  12 giant cockroaches
  9 goblins
  9 hobgoblins
  4 jackals
  2 quokkas
  8 ball pythons
  6 bats
  3 kobolds
  2 rats
89 creatures vanquished.

Notes
Turn   | Place    | Note
-------+----------+-------------------------------------------
     0 | D:1      | monsoonserge the Tengu Reaver began the quest for the Orb.
     0 | D:1      | Reached XP level 1. HP: 12/12 MP: 4/4
     0 | D:1      | Noticed a naga
     0 | D:1      | Noticed an ogre
     3 | D:1      | Noticed a troll
     6 | D:1      | Noticed a felid
     7 | D:1      | Noticed a naga
    11 | D:1      | Noticed a gargoyle
    13 | D:1      | Noticed a formicid
    15 | D:1      | Noticed a naga
    15 | D:1      | Noticed a merfolk
    17 | D:1      | Noticed a felid
    17 | D:1      | Noticed a minotaur
   131 | D:1      | Reached XP level 2. HP: 13/17 MP: 6/6
   303 | D:1      | Reached XP level 3. HP: 20/21 MP: 7/7
   831 | D:2      | Reached skill level 1 in Armour
   856 | D:2      | Identified the +1 spear of Painful Death {freeze, rPois}
   912 | D:2      | Reached XP level 4. HP: 26/26 MP: 8/8
  1016 | D:2      | Reached skill level 1 in Polearms
  1721 | D:3      | Gained mutation: Your magical nature lets you fly swiftly
                  | and evasively. [Tengu growth]
  1721 | D:3      | Reached XP level 5. HP: 19/30 MP: 9/9
  1757 | D:3      | Noticed Grinder
  1792 | D:4      | Noticed an ice beast
  1800 | D:4      | Killed an ice beast
  1801 | D:4      | Reached XP level 6. HP: 14/27 MP: 10/10
  2521 | D:4      | Noticed Duvessa
  2521 | D:4      | Noticed Dowan
  2542 | D:3      | Paralysed by Grinder for 3 turns
  2592 | D:3      | HP: 1/46 [Grinder (5)]
  2594 | D:3      | Slain by Grinder

Illustrated notes

Levels and vault maps discovered:
D:1:      shiori_arrival_whats_in_store_for_you, layout_basic
D:2:      minmay_roachtagon, layout_loops_ring
D:3:      layout_rooms, grunt_temple_overflow_open, uniq_grinder
D:4:      dreamdust_elfheim, layout_cave_pools, serial_column_ruins,
          column_ruins_open_tiny, column_ruins_corridor_straight,
          column_ruins_columns_water, column_ruins_columns_straight,
          column_ruins_grid_4, column_ruins_open_tiny

Skill      XL: |  1  2  3  4  5  6 |
---------------+-------------------+-----
Armour         | 1 2 3 4 |  4.0
Polearms       | 1 3 |  3.9
Dodging        | 3 |  3.2
Fighting       | |  2.4
Maces & Flails | |  3.8
Stealth        | |  0.3
Spellcasting   | |  2.1
Conjurations   | |  4.6

Action                     |  1- 3 |  4- 6 || total
---------------------------+-------+-------++-------
  Melee: Mace              |    44 |       ||    44
         Kick              |    14 |    35 ||    49
         Peck              |     9 |    32 ||    41
         Punch             |     1 |     4 ||     5
         Spear             |    27 |   206 ||   233
   Cast: Kiss of Death     |       |     4 ||     4
    Use: Scroll            |       |     3 ||     3
         Potion            |       |     2 ||     2
 Armour: Leather armour    |     5 |       ||     5
         Ring mail         |    25 |    35 ||    60
         Skin              |       |    18 ||    18
  Dodge: Dodged            |    48 |    55 ||   103
